 Dungeon Crawl Stone Soup version 0.27.1-34-g3ba077fa99 (webtiles) character file.

Game seed: 8148156110368599900

3604 Arum the Grappler (level 9, -1/90 HPs)
             Began as a Purple Draconian Gladiator on Jan 13, 2022.
             Was a Believer of Ashenzari.
             Killed themself with a badly aimed iceblast (7 damage)
             ... on level 8 of the Dungeon.
             The game lasted 00:09:07 (7353 turns).

Arum the Grappler (Purple Draconian Gladiator)      Turns: 7353, Time: 00:09:08

Health: -1/90      AC:  9    Str: 20    XL:     9   Next: 86%
Magic:  9/9        EV: 15    Int:  8    God:    Ashenzari [**....]
Gold:   376        SH:  0    Dex: 13    Spells: 8/8 levels left

rFire    . . .     SeeInvis +     - Unarmed
rCold    . . .     Faith    .   (no shield)
rNeg     . . .     Spirit   .   (armour unavailable)
rPois    +         Reflect  .   a - +0 hat
rElec    .         Harm     .   g - +0 cloak "Sidereal Omen" {Melee, Range} (curse)
rCorr    .         Rampage  .   A - +0 pair of gloves
Will     ++...                  (no boots)
Stlth    +.........             i - amulet "Overhang to Understand" {Acrobat, Alch, Self} (curse)
HPRegen  0.25/turn              h - ring of the Oracular Blue Moon {rPois, Bglg, Melee} (curse)
MPRegen  0.11/turn              u - ring of willpower

@: no status effects
A: breathe power, AC +7, unfitting armour, cold-blooded
a: Breathe Dispelling Energy, Renounce Religion, Curse Item, Shatter the Chains


You were on level 8 of the Dungeon.
You worshipped Ashenzari.
Ashenzari was pleased with you.
You visited 1 branch of the dungeon, and saw 8 of its levels.
You also visited: Sewer.

You collected 376 gold pieces.

Inventory:

Hand Weapons
 j - a +2 vorpal bardiche
Missiles
 b - 6 throwing nets (quivered)
 c - 18 poisoned darts
 x - 7 atropa-tipped darts
Armour
 a - a +0 hat (worn)
 g - the cursed +0 cloak "Sidereal Omen" (worn) {Melee, Range}
   (You found it on level 2 of the Dungeon)

   It has a curse which improves the following skills: Melee Combat: Short
   Blades, Long Blades, Axes, Maces & Flails, Polearms, Staves and Unarmed
   Combat.
   Ranged Combat: Slings, Bows, Crossbows and Throwing.
 A - a +0 pair of gloves (worn)
Jewellery
 h - the cursed ring of the Oracular Blue Moon (left hand) {rPois, Bglg, Melee}
   (You found it on level 2 of the Dungeon)

   [ring of poison resistance]

   rPois:     It protects you from poison.
   It has a curse which improves the following skills: Beguiling: Conjurations,
   Hexes and Translocations.
   Melee Combat: Short Blades, Long Blades, Axes, Maces & Flails, Polearms,
   Staves and Unarmed Combat.
 i - the cursed amulet "Overhang to Understand" (around neck) {Acrobat, Alch, Self}
   (You found it on level 2 of the Dungeon)

   [amulet of the acrobat]

   It increases your evasion while moving and waiting.
   It has a curse which improves the following skills: Alchemy: Poison Magic and
   Transmutations.
   Introspection: Fighting and Spellcasting.
 u - a ring of willpower (right hand)
 E - a +6 ring of intelligence
Wands
 s - a wand of iceblast (12)
 z - a wand of flame (29)
 D - a wand of mindburst (4)
Scrolls
 d - 8 scrolls of identify
 e - 2 scrolls of vulnerability
 f - 4 scrolls of enchant armour
 k - a scroll of fear
 l - a scroll of silence
 m - 2 scrolls of amnesia
 o - 2 scrolls of teleportation
 p - a scroll of holy word
 v - 2 scrolls of enchant weapon
 w - 2 scrolls of fog
Potions
 n - a potion of cancellation
 r - a potion of ambrosia
 t - a potion of resistance
 B - a potion of attraction


   Skills:
 + Level 10.6(11.9) Fighting
 - Level 1.7(2.8) Throwing
 + Level 7.9 Dodging
 + Level 11.2(13.2) Unarmed Combat
 + Level 2.5 Evocations


You had 8 spell levels left.
You didn't know any spells.
Your spell library contained the following spells:

 Spells                   Type           Power      Damage    Failure   Level
 Dispersal                Tloc           0%         N/A       100%        6
 Disjunction              Tloc           0%         N/A       100%        8


Dungeon Overview and Level Annotations

Branches:
Dungeon (8/15)             Temple (0/1) D:5           Sewer (visited)
   Lair: D:8-11

Altars:
Ashenzari
Cheibriados
Dithmenos
Hepliaklqana
Nemelex Xobeh
Okawaru
Qazlal
Yredelemnul

Annotations:
D:8 Grum


Innate Abilities, Weirdness & Mutations

You can breathe bolts of dispelling energy.
Your rich purple scales are hard. (AC +7)
You cannot fit into any form of body armour.
You are cold-blooded and may be slowed by cold attacks.


Message History

The wolf misses you. The wolf bites you.
* * * LOW HITPOINT WARNING * * *
Unknown command.
Okay, then.
Blink to where?
Press: ? - help, Dir - move target
As you read the scroll of blinking, it crumbles to dust.
Your yak gores the wolf!
The centaur shoots an arrow.
The arrow misses you. The wolf completely misses you.
You miss the wolf.
Your tail-slap misses the wolf.
The wolf is moderately wounded.
The wolf barely misses you.
You barely miss the wolf.
Your tail-slap misses the wolf.
The wolf is moderately wounded.
The wolf bites you.
* * * LOW HITPOINT WARNING * * *
Something barely misses your yak.
Your yak closely misses the wolf.
The wolf completely misses you.
Unknown command.
You feel better. The wolf bites you.
* * * LOW HITPOINT WARNING * * *
Something hits your yak!
Your yak dies!
Your yak's corpse dissolves into shadows!
Aiming: Mindburst
Press: ? - help, Shift-Dir - straight line, f - wolf
Aim: a wolf (moderately wounded, ally target, chance to affect: 75%)
The wolf's mind is blasted!
The wolf bites you.
* * * LOW HITPOINT WARNING * * *
Your yak completely misses the wolf.
The wolf bites you but does no damage. Something misses your orc.
Your orc barely misses the wolf.
Aiming: Iceblast
Press: ? - help, Shift-Dir - straight line, f/p - wolf
Aim: a wolf (almost dead, ally target) That beam is likely to hit you.
Continue anyway?
The mass of ice explodes!
The iceblast engulfs the wolf!
You kill the wolf!
The iceblast engulfs you!
You die...

* * , ### * , * #@## * ##
##.##########.#### ,*
##{hho...g......... *
##..c.YYo§.......... #.#
##.....YY............
#.####........Y....o......
#..##..............o......
##..#...............Yo.....
#...#...............Y......


You could see 2 wolves, a centaur, 5 friendly yaks and 2 friendly orcs.

Vanquished Creatures
  Maggie (D:7)
  A wyvern (D:5)
  A human (D:3)
  A water moccasin (D:5)
  A sky beast (D:8)
  2 black bears (D:6)
  An ice beast (D:8)
  2 necrophages
  An ogre (D:7)
  A wolf (D:8)
  A centaur (D:6)
  A kobold brigand (D:8)
  2 phantoms
  A gnoll sergeant (D:6)
  5 bullfrogs
  3 scorpions
  2 wyvern skeletons (D:7)
  4 wights (D:8)
  2 centaur zombies
  A jelly (D:6)
  2 hounds (D:5)
  2 centaur skeletons
  3 iguanas
  An orc wizard (D:5)
  A killer bee zombie (D:7)
  A hound skeleton (D:5)
  A howler monkey zombie (D:6)
  Robin (D:3)
  9 adders
  5 gnolls (D:6)
  A river rat (D:4)
  2 worms
  A dart slug (D:1)
  9 orcs
  15 ball pythons
  5 bats
  15 endoplasms
  13 giant cockroaches
  17 goblins
  10 hobgoblins
  15 quokkas
  12 frilled lizards
  11 kobolds
  A kobold skeleton (D:3)
  4 rats
191 creatures vanquished.

Vanquished Creatures (collateral kills)
  Harold (D:8)
1 creature vanquished.

Vanquished Creatures (others)
  A fungus (D:1)
1 creature vanquished.

Grand Total: 193 creatures vanquished

Notes
Turn   | Place    | Note
-------+----------+-------------------------------------------
     0 | D:1      | Arum the Draconian Gladiator began the quest for the Orb.
     0 | D:1      | Reached XP level 1. HP: 17/17 MP: 1/1
   133 | D:1      | Reached XP level 2. HP: 23/25 MP: 2/2
   134 | D:1      | Found a faded altar of an unknown god.
   995 | D:2      | Reached XP level 3. HP: 22/30 MP: 3/3
  1608 | D:2      | Found a broken altar of Ashenzari.
  1887 | D:2      | Became a worshipper of Ashenzari the Shackled
  1888 | D:2      | Reached skill level 7 in Unarmed Combat
  1888 | D:2      | Reached XP level 4. HP: 47/47 MP: 4/4
  1889 | D:2      | Reached skill level 10 in Unarmed Combat
  1889 | D:2      | Reached XP level 5. HP: 57/57 MP: 5/5
  2276 | D:3      | Noticed Robin
  2293 | D:3      | Killed Robin
  2785 | D:3      | Reached XP level 6. HP: 55/63 MP: 6/6
  2856 | D:3      | Found a sparkling altar of Nemelex Xobeh.
  2910 | D:3      | Noticed a human
  2911 | D:3      | Found a runed translucent door.
  2915 | D:3      | Found a basalt altar of Yredelemnul.
  2928 | D:3      | Killed a human
  2971 | D:3      | Found a snail-covered altar of Cheibriados.
  3195 | D:4      | Found a glowing drain.
  3213 | Sewer    | Entered a sewer
  3500 | Sewer    | Your scales start taking on a rich purple colour.
  3500 | Sewer    | Reached XP level 7. HP: 66/70 MP: 7/7
  4180 | D:4      | Found a hazy altar of Hepliaklqana.
  4426 | D:5      | Entered Level 5 of the Dungeon
  4598 | D:5      | Found a stormy altar of Qazlal.
  4768 | D:5      | Reached XP level 8. HP: 79/79 MP: 8/8
  5160 | D:5      | Found a staircase to the Ecumenical Temple.
  5232 | D:6      | Reached skill level 10 in Fighting
  5294 | D:6      | Reached * piety under Ashenzari
  5714 | D:6      | Found a shadowy altar of Dithmenos.
  5829 | D:6      | Found an iron altar of Okawaru.
  5960 | D:6      | Reached ** piety under Ashenzari
  6013 | D:7      | Noticed Maggie
  6029 | D:7      | Killed Maggie
  6030 | D:7      | Reached XP level 9. HP: 58/89 MP: 9/9
  6718 | D:7      | Reached skill level 11 in Unarmed Combat
  6769 | D:7      | Reached skill level 1 in Evocations
  7328 | D:8      | Noticed Harold
  7333 | D:8      | Noticed Grum
  7344 | D:8      | Killed Harold
  7353 | D:8      | Killed themself with a badly aimed iceblast

Illustrated notes

Levels and vault maps discovered:
D:1:      psy_arrival_whirlpool, layout_basic, shapermc_ecumenical_altar_gd
D:2:      layout_basic, basic_altar, kennysheep_generic_room_6
D:3:      layout_basic, dk_yredelemnul_ordeal, mainiacjoe_overflow_big_doors,
          uniq_robin
D:4:      layout_loops_ring, nzn_hepliaklqana_mist_gate,
          gup_sewer_entry_bubbles, amcnicky_mini_rare_corridor_liquid
D:5:      layout_cave_pools, mainiacjoe_overflow_boulevard,
          lemuel_temple_firewalk_b, roderic_serpentine_path
D:6:      layout_layer_cave, kennysheep_little_box, okawaru_altar_gauntlet_db
D:7:      layout_basic, uniq_maggie
D:8:      layout_layer_cave, lemuel_round_altar, uniq_harold, uniq_maurice,
          uniq_grum

Skill      XL: |  1  2  3  4  5  6  7  8  9 |
---------------+----------------------------+-----
Dodging        | 3 6 7 |  7.9
Fighting       | 7 9 10 | 10.6
Unarmed Combat | 7 10 11 | 11.2
Evocations     | 2 |  2.5
Throwing       | |  1.7

Action                   |  1- 3 |  4- 6 |  7- 9 || total
-------------------------+-------+-------+-------++-------
Melee: Unarmed           |   134 |   190 |   299 ||   623
       Tailslap          |    14 |    22 |    31 ||    67
       Punch             |     2 |     3 |     7 ||    12
Invok: Curse Item        |       |       |     3 ||     3
Evoke: Wand              |       |       |     1 ||     1
  Use: Potion            |     1 |     1 |     1 ||     3
       Scroll            |       |       |     2 ||     2
 Stab: Sleeping          |       |     1 |     1 ||     2
       Distracted        |       |     1 |       ||     1
Armor: Skin              |    37 |    44 |    84 ||   165
Dodge: Dodged            |    74 |   130 |   262 ||   466
